 Dungeon Crawl Stone Soup version 0.13-a0-2236-g7be3fc8 (webtiles) character file.

696 JacquesDerrida the Poker (level 6, -5/49 HPs)
             Began as a Demigod Skald on July 4, 2013.
             Slain by a gnoll (7 damage)
             ... on Level 5 of the Dungeon.
             The game lasted 00:14:40 (5429 turns).

JacquesDerrida the Poker (Demigod Skald)            Turns: 5429, Time: 00:14:40

HP  -5/49        AC  5     Str 18      XL: 6   Next: 66%
MP  13/16        EV 11     Int 19 (20) God:
Gold 184         SH  0     Dex 14 (17) Spells:  2 memorised,  7 levels left

Res.Fire  : . . .   See Invis. : .   a - +0 halberd
Res.Cold  : + . .   Warding    : .   t - +0 leather armour
Life Prot.: . . .   Conserve   : .   (no shield)
Res.Poison: .       Res.Corr.  : .   (no helmet)
Res.Elec. : .       Clarity    : .   w - +0 cloak
Sust.Abil.: . .     Spirit.Shd : .   (no gloves)
Res.Mut.  : .       Stasis     : .   (no boots)
Res.Rott. : .       Flight     : .   (no amulet)
Saprovore : . . .                    i - +3 ring of intelligence
                                     o - ring of protection from cold {unknown}

@: slightly resistant to hostile enchantments, unstealthy
A: deterioration 1, AC +1, Str +1
a: no special abilities


You were on level 5 of the Dungeon.
You were hungry.

You visited 1 branch of the dungeon, and saw 5 of its levels.

You collected 164 gold pieces.

Inventory:

Hand weapons
 a - a +0,+0 halberd (weapon)
 b - a +0 blowgun
 A - a +0,+0 spear {=f}
Missiles
 v - 35 poisoned needles
Armour
 t - a +0 leather armour (worn)
 w - a +0 cloak (worn)
Magical devices
 q - a wand of paralysis (13)
 y - a wand of enslavement (9)
Comestibles
 d - 3 bread rations
 h - 2 chokos
 j - a rotting chunk of giant cockroach flesh
 k - 2 apples
 n - a meat ration
Scrolls
 e - a scroll of remove curse {unknown}
 f - 2 scrolls of recharging {unknown}
 l - 3 scrolls of teleportation
 p - a scroll of identify {unknown}
 r - 2 scrolls of enchant weapon I {unknown}
 s - a scroll of amnesia {unknown}
 u - a scroll of blinking {unknown}
 x - 2 scrolls of magic mapping
 D - a scroll of random uselessness {unknown}
Jewellery
 g - an uncursed ring of sustenance
 i - a +3 ring of intelligence (right hand)
 m - an uncursed ring of ice
 o - a ring of protection from cold (left hand) {unknown}
Books
 c - a book of Battle

   Spells                             Type                      Level
   *Infusion                          Charms                       1
   Shroud of Golubria                 Charms/Translocation         2
   Song of Slaying                    Charms                       2
   *Spectral Weapon                   Hexes/Charms                 3
   Regeneration                       Charms/Necromancy            3
   Song of Shielding                  Charms                       5
 C - a book of the Warp

   Spells                             Type                      Level
   Recall                             Summoning/Translocation      3
   Control Teleport                   Charms/Translocation         4
   Phase Shift                        Translocation                5
   Warp Weapon                        Charms/Translocation         5
   Dispersal                          Translocation                6
   Controlled Blink                   Translocation                7
   Disjunction                        Translocation                8


   Skills:
 - Level 1.7 Fighting
 + Level 6.2 Polearms
 - Level 1.0 Throwing
 - Level 0.8 Armour
 - Level 0.8 Dodging
 - Level 3.0 Spellcasting
 - Level 2.6 Charms


You had 7 spell levels left.
You knew the following spells:

 Your Spells              Type           Power        Failure   Level  Hunger
a - Infusion              Chrm           ##....       8%          1    None
b - Spectral Weapon       Hex/Chrm       #.......     28%         3    ###....


Dungeon Overview and Level Annotations

Branches:
Dungeon (5/27)
 Temple: D:4-7


Innate Abilities, Weirdness & Mutations

Your body is slowly deteriorating.
You are covered in fur (AC +1).
Your muscles are strong (Str +1).


Message History

The gnoll shaman is severely wounded.
The gnoll barely misses you.
The gnoll hits you from afar with a glowing halberd.
* * * LOW HITPOINT WARNING * * *
The gnoll barely misses you. The gnoll shaman hits you with a club.
* * * LOW HITPOINT WARNING * * *
Attack whom?
Press: ? - help, Dir - move target cursor, f/p - gnoll
Aim: a gnoll, wielding a glowing halberd You reach to attack!
You puncture the gnoll!
You kill the gnoll!
The gnoll hits you.
* * * LOW HITPOINT WARNING * * *
The gnoll barely misses you.
The gnoll shaman calls upon its god to speed up the gnoll.
The gnoll seems to speed up.
You hit the gnoll.
The gnoll is severely wounded.
The gnoll hits you!
You die...

#( #..# ##### #(
#..#####...#
#(####..........#
#.........###...#
##.....##.# ##.##
#.....##.# #.#
##..g###># #.#
#...g###.# #.#
#..gg@##.# #.#
###∩####.# #.#
### #.# #.#
#########.# #.#
###.........# #.#
#...........##
#.#
#.###<....####.#
#..............#
#.###....<######


You could see a gnoll shaman and 3 gnolls.

Vanquished Creatures
  2 ogres
  2 hounds
  A scorpion (D:4)
  A hound skeleton (D:4)
  4 gnolls
  7 adders
  7 worms
  2 giant geckos
  8 orcs
  2 giant cockroaches
  10 goblins
  9 hobgoblins
  4 jackals (D:4)
  7 quokkas
  3 ball pythons
  8 bats
  7 giant newts
  7 kobolds
  6 rats
97 creatures vanquished.

Vanquished Creatures (others)
  2 kobolds
  A rat (D:2)
3 creatures vanquished.

Grand Total: 100 creatures vanquished

Notes
Turn   | Place    | Note
--------------------------------------------------------------
     0 | D:1      | JacquesDerrida, the Demigod Skald, began the quest for the Orb.
     0 | D:1      | Reached XP level 1. HP: 17/17 MP: 4/4
   370 | D:1      | Reached XP level 2. HP: 12/24 MP: 5/5
  1254 | D:2      | Reached XP level 3. HP: 24/29 MP: 8/8
  1333 | D:2      | Reached skill level 3 in Polearms
  2167 | D:3      | Reached XP level 4. HP: 16/36 MP: 11/11
  2839 | D:3      | Noticed an ogre
  2865 | D:3      | Paralysed by a potion of paralysis for 6 turns
  2872 | D:3      | Gained mutation: Your muscles are strong (Str +1). [potion of mutation]
  2872 | D:3      | Gained mutation: Your body is slowly deteriorating. [potion of mutation]
  2872 | D:3      | Gained mutation: You are covered in fur (AC +1). [potion of mutation]
  2897 | D:3      | Killed an ogre
  2897 | D:3      | Reached skill level 4 in Polearms
  2897 | D:3      | Reached XP level 5. HP: 12/42 MP: 4/13
  3315 | D:3      | Learned a level 3 spell: Spectral Weapon
  4061 | D:4      | Reached skill level 5 in Polearms
  4354 | D:4      | Noticed an ogre
  4370 | D:4      | Killed an ogre
  4370 | D:4      | Reached XP level 6. HP: 14/49 MP: 11/16
  4570 | D:4      | Found a burning altar of Makhleb.
  4624 | D:4      | Reached skill level 6 in Polearms
  5362 | D:5      | Entered Level 5 of the Dungeon
  5394 | D:5      | Found a burning altar of Makhleb.
  5399 | D:5      | Reached skill level 1 in Throwing
  5428 | D:5      | HP: 2/49 [gnoll (3)]
  5429 | D:5      | Slain by a gnoll

Action                   |  1- 3 |  4- 6 || total
-------------------------+-------+-------++-------
Melee: Spear             |   234 |   154 ||   388
       Halberd           |       |    61 ||    61
 Fire: Blowgun           |       |     5 ||     5
Throw: Throwing net      |       |     1 ||     1
       Spear             |       |     1 ||     1
 Cast: Infusion          |     4 |    10 ||    14
       Spectral Weapon   |       |     4 ||     4
Evoke: Wand              |       |     5 ||     5
  Use: Potion            |       |     8 ||     8
       Scroll            |       |     2 ||     2
 Stab: Sleeping          |     1 |     1 ||     2
       Held in net/web   |       |     1 ||     1
       Paralysed         |       |     4 ||     4
